 Dungeon Crawl Stone Soup version 0.22-a0-3-g4fa69d9 (webtiles) character file.

51 mortelune the Covered (level 3, -2/34 HPs)
             Began as a Deep Dwarf Fighter on Jan 1, 2018.
             Splashed by a jelly's acid (9 damage)
             ... on level 2 of the Dungeon.
             The game lasted 00:05:01 (1030 turns).

mortelune the Covered (Deep Dwarf Fighter)          Turns: 1030, Time: 00:05:01

Health: -2/34      AC:  1    Str: 20    XL:     3   Next: 57%
Magic:  3/3        EV:  8    Int:  8    God:
Gold:   61         SH:  9    Dex: 12    Spells: 2/2 levels left

rFire    . . .     SeeInvis .   a - +0 war axe
rCold    . . .     Gourm    .   c - +0 shield
rNeg     . . .     Faith    .   h - +0 ring mail (curse)
rPois    .         Spirit   .   (no helmet)
rElec    .         Reflect  .   (no cloak)
rCorr    .         Harm     .   (no gloves)
MR       .....                  (no boots)
Stlth    +.........             l - amulet of regeneration
HPRegen  0.00/turn              (no ring)
MPRegen  0.08/turn              (no ring)

@: corroded, non-regenerating
A: damage resistance, heal wounds, sense surroundings 1, no regeneration
a: Heal Wounds


You were on level 2 of the Dungeon.
You were not hungry.

You visited 1 branch of the dungeon, and saw 2 of its levels.

You collected 61 gold pieces.

Inventory:

Hand Weapons
 a - a +0 war axe (weapon)
Missiles
 i - 32 stones (quivered)
Armour
 b - a +0 scale mail
 c - a +0 shield (worn)
 h - a cursed +0 ring mail (worn)
Jewellery
 l - an amulet of regeneration (around neck)
Scrolls
 e - 2 scrolls of blinking
 g - a scroll of teleportation
Potions
 d - a potion of might
 k - 2 potions of curing
 m - a potion of flight {unknown}
Comestibles
 f - 5 rations
 j - 4 chunks of flesh


   Skills:
 + Level 3.0 Fighting
 * Level 3.2 Axes
 + Level 3.7 Armour
 + Level 3.7 Shields


You had 2 spell levels left.
You didn't know any spells.

Dungeon Overview and Level Annotations

Branches:
Dungeon (2/15)

Altars:


Innate Abilities, Weirdness & Mutations

You are resistant to damage.
You can heal yourself by infusing magical energy.
You passively map a small area around you.
You do not regenerate.


Message History

You slash the ooze!
You kill the ooze!
Your shield prevents you from hitting the jelly.
You block the jelly's attack. x2
You completely miss the jelly. The jelly hits you but does no damage.
You slash the jelly!
Your hands burn!
The jelly is heavily wounded.
The jelly hits you but does no damage. x2
You hit the jelly but do no damage.
Your hands burn!
The jelly is heavily wounded.
The jelly hits you but does no damage.
You hit the jelly. The acid corrodes you!
Your hands burn!
The jelly is severely wounded.
The jelly closely misses you.
You hit the jelly but do no damage.
Your hands burn!
* * * LOW HITPOINT WARNING * * *
The jelly is severely wounded.
You block the jelly's attack. The jelly hits you.
You are splashed with acid!
The acid burns!
You die...

* #...)....# * #.####
* * #..........# #.# #
#........#.# #.# #
#######.##.# #.# #
###### ### *# #.# #
..J...# ######## #.# #
..PP.รท'##......####)#
# , #J#.......##..####
, ,#@#........'......
*, ,,
#.#........'..#### ,
#.#'#......'.##### **
,, #.#.#.....##......
, #.#.#.)..######### *
, , ,##.####### # *
*### # * *


You could see a jelly.

Vanquished Creatures
  2 oozes
  3 dart slugs
  A leopard gecko (D:1)
  3 bats (D:1)
  2 giant cockroaches (D:1)
  5 hobgoblins (D:1)
  A frilled lizard (D:2)
  3 goblins (D:1)
  11 kobolds
  5 rats
36 creatures vanquished.

Vanquished Creatures (others)
  7 toadstools (D:2)
7 creatures vanquished.

Grand Total: 43 creatures vanquished

Notes
Turn   | Place    | Note
-------+----------+-------------------------------------------
     0 | D:1      | mortelune the Deep Dwarf Fighter began the quest for the Orb.
     0 | D:1      | Reached XP level 1. HP: 20/20 MP: 1/1
   255 | D:1      | Reached XP level 2. HP: 20/27 MP: 2/2
   579 | D:1      | Reached XP level 3. HP: 21/34 MP: 3/3
  1030 | D:2      | Splashed by a jelly's acid

Vault maps used:
D:1:      shiori_arrival_oz
D:2:      cheibrodos_fertilizer, minmay_pentomino_u4

Skill      XL: |  1  2  3 |
---------------+----------+-----
Fighting       | 3 |  3.0
Axes           | 3 |  3.2
Armour         | |  3.7
Shields        | |  3.7

Action                   || total
-------------------------++-------
Melee: War axe           ||   109
  Use: Scroll            ||     3
  Eat: Chunk             ||     1
Armor: Scale mail        ||    11
       Ring mail         ||    27
Dodge: Dodged            ||    25
Block: Shield            ||    60

Table legend:
 A = Spawn XP
 B = Non-spawn XP
 C = Spawn XP percentage of total XP
 D = Spawn monster count
 E = Non-spawn monster count
 F = Spawn count percentage of total count
 G = Total turns spent on level
                    A         B        C        D         E        F      G
               +---------+---------+-------+---------+---------+-------+---------
         Total |       0 |      73 |   0.0 |       0 |      36 |   0.0 |  1030
               +---------+---------+-------+---------+---------+-------+---------
           D:1 |       0 |      46 |   0.0 |       0 |      23 |   0.0 |   761
           D:2 |       0 |      27 |   0.0 |       0 |      13 |   0.0 |   269
               +---------+---------+-------+---------+---------+-------+---------
